 Dungeon Crawl Stone Soup version 0.29-a0-96-g93358da72b (webtiles) character file.

Game seed: 17143443451306754050

84 cyrus the Poker (level 4, -2/36 HPs)
             Began as a Merfolk Fighter on Feb 11, 2022.
             Was a Priest of Cheibriados.
             Slain by a goblin (3 damage)
             ... on level 3 of the Dungeon.
             The game lasted 00:06:27 (2378 turns).

cyrus the Poker (Merfolk Fighter)                   Turns: 2378, Time: 00:06:28

Health: -2/36      AC:  8    Str: 22    XL:     4   Next: 46%
Magic:  4/4        EV:  7    Int: 15    God:    Cheibriados [***...]
Gold:   66         SH:  5    Dex: 19    Spells: 3/3 levels left

rFire   . . .      SeeInvis .   a - +0 trident
rCold   . . .      Faith    .   c - +0 buckler
rNeg    . . .      Spirit   .   g - +0 chain mail
rPois   .          Reflect  .   (no helmet)
rElec   .          Harm     .   (no cloak)
rCorr   .          Rampage  .   (no gloves)
Will    .....                   (no boots)
Stlth   ..........              h - amulet of the acrobat
HPRegen 0.12/turn               (no ring)
MPRegen 0.09/turn               (no ring)

@: mighty, very slow
A: (nimble swimmer 2), mertail
a: Renounce Religion, Bend Time, Temporal Distortion


You were on level 3 of the Dungeon.
You worshipped Cheibriados.
Cheibriados was most pleased with you.
You visited 1 branch of the dungeon, and saw 3 of its levels.

You collected 66 gold pieces.

Inventory:

Hand Weapons
 a - a +0 trident (weapon)
Armour
 b - a +0 scale mail
 c - a +0 buckler (worn)
 g - a +0 chain mail (worn)
Jewellery
 h - an amulet of the acrobat (around neck)
Scrolls
 f - a scroll of blinking {unknown}
 j - a scroll of noise {unknown}
 l - a scroll of immolation {unknown}
Potions
 e - a potion of resistance {unknown}
 i - a potion of flight {unknown}
 k - a potion of lignification {unknown}


   Skills:
 + Level 3.6 Fighting
 + Level 5.0 Polearms
 + Level 2.5 Armour
 + Level 0.3 Dodging
 + Level 0.5 Stealth
 + Level 3.4 Shields


You had 3 spell levels left.
You didn't know any spells.
Your spell library was empty.

Dungeon Overview and Level Annotations

Branches:
Dungeon (3/15)

Altars:
Cheibriados


Innate Abilities, Weirdness & Mutations

((You are very nimble when in or above water. (Stealth+, EV+, Speed+++)))
Your lower body shifts to a powerful aquatic tail in water.


Message History

The orc priest misses you.
You bump into the rock wall.
You feel sick.
The orc shouts!
You feel sick. The goblin hits you but does no damage.
You closely miss something.
You feel less confused.
You feel sick. The goblin hits you with a +0 club.
* * * LOW HITPOINT WARNING * * *
Something hits you but does no damage.
You barely miss something. You block the goblin's attack. Something hits you.
* * * LOW HITPOINT WARNING * * *
You closely miss something.
You feel sick. The goblin hits you but does no damage.
You hear some strange, mumbled words.
Something tries to affect you, but you resist.
You barely miss something.
You feel sick.
You are no longer poisoned.
You block the goblin's attack. Something hits you but does no damage.
You closely miss something. The goblin hits you but does no damage.
You hear some strange, mumbled words.
You are confused.
You bump into the rock wall.
The goblin hits you but does no damage. Something hits you but does no damage.
You miss something. The goblin barely misses you.
Something hits you but does no damage.
You bump into the rock wall.
The goblin hits you but does no damage. Something completely misses you.
You barely miss something. The goblin hits you but does no damage.
Something hits you but does no damage. The goblin hits you with a +0 club.
* * * LOW HITPOINT WARNING * * *
You closely miss something. Something hits you but does no damage.
The orc priest begins to cast a cantrip, but forgets the words!
A rat comes into view.
The goblin hits you but does no damage.
You completely miss something.
You feel less confused. Something hits you but does no damage.
The orc priest invokes the aid of Beogh against you.
The goblin hits you with a +0 club.
You die...

##............#####
#........†........
#..##.g......#####
##.##...)....#
.........)...#
.............#
......####)###
...... #g# g.....
#@# ..... #{# .....
#o# #o#


.Ko ... #.r.. #.... #..... You could see an orc priest, 2 orcs, a goblin, a
kobold and a rat.

Vanquished Creatures
  An adder (D:2)
  A worm (D:2)
  3 dart slugs
  6 bats
  3 endoplasms
  3 giant cockroaches
  17 goblins
  7 hobgoblins
  3 quokkas
  5 ball pythons
  4 frilled lizards (D:1)
  4 kobolds (D:1)
  6 rats
  A bush (D:1)
64 creatures vanquished.

Vanquished Creatures (others)
  4 fungi (D:1)
  2 plants (D:1)
6 creatures vanquished.

Grand Total: 70 creatures vanquished

Notes
Turn   | Place    | Note
-------+----------+-------------------------------------------
     0 | D:1      | cyrus the Merfolk Fighter began the quest for the Orb.
     0 | D:1      | Reached XP level 1. HP: 18/18 MP: 1/1
   215 | D:1      | Reached XP level 2. HP: 24/24 MP: 2/2
   227 | D:1      | Found a faded altar of an unknown god.
   305 | D:1      | Prayed at the altar of an unknown god.
   305 | D:1      | Became a worshipper of Cheibriados the Contemplative
   305 | D:1      | Reached * piety under Cheibriados
   735 | D:1      | Reached XP level 3. HP: 26/29 MP: 3/3
   846 | D:1      | Reached skill level 4 in Polearms
  1014 | D:1      | Reached ** piety under Cheibriados
  1897 | D:2      | Reached XP level 4. HP: 35/35 MP: 4/4
  2317 | D:3      | Reached skill level 5 in Polearms
  2332 | D:3      | Reached *** piety under Cheibriados
  2376 | D:3      | HP: 1/36 [goblin (2)]
  2378 | D:3      | Slain by a goblin

Illustrated notes

Levels and vault maps discovered:
D:1:      dpeg_arrival_water_fire, layout_basic, nicolae_ecumenical_lake_church
D:2:      layout_loops_ring
D:3:      layout_basic, uniq_robin

Skill      XL: |  1  2  3  4 |
---------------+-------------+-----
Polearms       | 4 5 |  5.0
Fighting       | |  3.6
Armour         | |  2.5
Dodging        | |  0.3
Stealth        | |  0.5
Shields        | |  3.4

Action                   |  1- 3 |  4- 6 || total
-------------------------+-------+-------++-------
Melee: Trident           |   208 |    70 ||   278
Invok: Bend Time         |       |     1 ||     1
  Use: Potion            |       |     1 ||     1
Armor: Scale mail        |    24 |       ||    24
       Chain mail        |    38 |    65 ||   103
Dodge: Dodged            |    70 |    58 ||   128
Block: Buckler           |    41 |    32 ||    73

Table legend: (Time is in decaauts)
 A = Elapsed time spent in this place.
 B = Non-inter-level travel time spent in this place.
 C = Inter-level travel time spent in this place.
 D = Time resting spent in this place.
 E = Time spent auto-exploring this place.
 F = Levels seen in this place.
 G = Mean time per level.
                   A        B        C        D        E       F      G
               +--------+--------+--------+--------+--------+-----+--------+
         Total |   3107 |   3098 |      9 |     16 |   2253 |   3 | 1035.7 |
       Dungeon |   3107 |   3098 |      9 |     16 |   2253 |   3 | 1035.7 |
               +--------+--------+--------+--------+--------+-----+--------+

Top non-repeatable levels by time:
     D:1: 1966 daAuts
     D:2: 1008 daAuts
     D:3: 133 daAuts
